 Dungeon Crawl Stone Soup version 0.24-a0-271-ga0fc33f (webtiles) character file.

Game seed: 526749754964532097

126 robertstho the Firebug (level 4, -1/24 HPs)
             Began as a Deep Elf Fire Elementalist on Apr 24, 2019.
             Slain by an orc
             ... wielding a +0 hand axe
              (6 damage)
             ... on level 3 of the Dungeon.
             The game lasted 00:05:19 (2500 turns).

robertstho the Firebug (Deep Elf Fire Elementalist) Turns: 2500, Time: 00:05:20

Health: -1/24      AC:  2    Str:  2 (5)  XL:     4   Next: 84%
Magic:  1/11       EV: 19    Int: 20 (21) God:
Gold:   176        SH:  0    Dex: 19 (20) Spells: 7/10 levels left

rFire    . . .     SeeInvis .   h - +0 dagger (venom)
rCold    . . .     Gourm    .   (no shield)
rNeg     . . .     Faith    .   a - +0 robe
rPois    .         Spirit   .   (no helmet)
rElec    .         Reflect  .   (no cloak)
rCorr    .         Harm     .   (no gloves)
MR       .....                  (no boots)
Stlth    ++++......             (no amulet)
HPRegen  0.08/turn              (no ring)
MPRegen  0.12/turn              (no ring)

@: agile
A: no striking features
a: no special abilities


You were on level 3 of the Dungeon.
You were not hungry.

You visited 1 branch of the dungeon, and saw 3 of its levels.

You collected 176 gold pieces.

Inventory:

Hand Weapons
 g - a +0 short sword
 h - a +0 dagger of venom (weapon)
 n - a +0 hunting sling
Missiles
 d - 93 stones (quivered)
Armour
 a - a +0 robe (worn)
Scrolls
 b - 5 scrolls of teleportation
 j - a scroll of identify
 l - a scroll of remove curse {unknown}
 o - a scroll of amnesia {unknown}
 p - a scroll of enchant armour {unknown}
Potions
 e - 2 potions of lignification
 i - a potion of ambrosia
 m - a potion of flight {unknown}
Comestibles
 c - 2 rations


   Skills:
 + Level 0.3 Fighting
 + Level 0.7 Short Blades
 + Level 2.9 Dodging
 + Level 2.9 Stealth
 + Level 3.8 Spellcasting
 + Level 2.0 Conjurations
 * Level 4.9 Fire Magic


You had 7 spell levels left.
You knew the following spells:

 Your Spells              Type           Power        Failure   Level  Hunger
a - Flame Tongue          Conj/Fire      ###..        3%          1    None
b - Throw Flame           Conj/Fire      ###...       4%          2    ##.....

Your spell library contained the following spells:

 Spells                   Type           Power        Failure   Level  Hunger
 Conjure Flame            Conj/Fire      ###.....     10%         3    ###....
 Inner Flame              Hex/Fire       ##......     14%         3    ###....
 Sticky Flame             Conj/Fire      ###.....     32%         4    ####...
 Fireball                 Conj/Fire      ###.......   65%         5    ######.


Dungeon Overview and Level Annotations

Branches:
Dungeon (3/15)

Altars:


Message History

You barely miss the orc.
The orc is almost dead.
The orc barely misses you.
You closely miss the orc.
The orc is almost dead.
The orc hits you with a +0 hand axe!
* * * LOW HITPOINT WARNING * * *
It was a potion of degeneration.
There was something very wrong with that liquid.
You feel weakened.
You feel dopey.
You feel clumsy.
It was a potion of agility.
You feel agile all of a sudden. The orc misses you.
You closely miss the orc.
The orc is almost dead.
The orc completely misses you.
You hit the orc but do no damage.
The orc is severely wounded.
The orc hits you with a +0 hand axe.
You die...

#.#########........#
#.# #......###
..###### ####....#
.......# #.##.#
.......#######.##o#
...............##o#
.......##########g#
)...........#####o#
.###.....##.....@.#
. #......##########
# #÷.....# #.##....#
#.##.......
#.##.......
#.##.....#.#
#÷##.....#.. #÷#
.....#


You could see 3 orcs and a goblin.

Vanquished Creatures
  2 gnolls (D:3)
  4 adders
  An ooze (D:1)
  A worm (D:2)
  3 dart slugs
  A leopard gecko (D:1)
  4 giant cockroaches
  2 goblins
  10 hobgoblins
  4 jackals (D:2)
  A ball python (D:1)
  5 bats
  2 frilled lizards (D:1)
  7 kobolds
  11 rats
58 creatures vanquished.

Notes
Turn   | Place    | Note
-------+----------+-------------------------------------------
     0 | D:1      | robertstho the Deep Elf Fire Elementalist began the quest
                  | for the Orb.
     0 | D:1      | Reached XP level 1. HP: 10/10 MP: 6/6
   182 | D:1      | Reached XP level 2. HP: 15/15 MP: 1/8
   254 | D:1      | Reached skill level 4 in Fire Magic
   520 | D:1      | Learned a level 2 spell: Throw Flame
   635 | D:1      | Reached XP level 3. HP: 15/19 MP: 9/9
  1546 | D:2      | Reached XP level 4. HP: 15/24 MP: 9/11
  2163 | D:3      | HP: 1/24 [adder (5)]
  2500 | D:3      | Slain by an orc

Levels and vault maps discovered:
D:1:      moated_graveyard_arrival, layout_basic, minmay_tetromino_o2
D:2:      layout_loops_cross, chequers_serial_rivers_micro_c
D:3:      layout_basic, chequers_serial_rivers_micro_b, minivault_19

Skill      XL: |  1  2  3  4 |
---------------+-------------+-----
Fire Magic     | 4 |  4.9
Conjurations   | 2 |  2.0
Fighting       | |  0.3
Short Blades   | |  0.7
Dodging        | |  2.9
Stealth        | |  2.9
Spellcasting   | |  3.8

Action                   |  1- 3 |  4- 6 || total
-------------------------+-------+-------++-------
Melee: Dagger            |    56 |    40 ||    96
       Short sword       |     2 |       ||     2
       Unarmed           |     1 |       ||     1
Throw: Stone             |       |     2 ||     2
 Cast: Flame Tongue      |    40 |    18 ||    58
       Throw Flame       |       |     4 ||     4
  Use: Scroll            |       |     4 ||     4
       Potion            |       |     3 ||     3
 Stab: Sleeping          |     1 |     1 ||     2
  Eat: Chunk             |     2 |       ||     2
       Ration            |       |     1 ||     1
Armor: Robe              |    13 |     7 ||    20
Dodge: Dodged            |    38 |    49 ||    87

Table legend:
 A = Non-vault XP
 B = Vault XP
 C = Vault XP percentage of total XP
 D = Non-vault monster count
 E = Vault monster count
 F = Vault count percentage of total count
                 A         B        C        D         E       F
            +---------+---------+-------+---------+---------+-------
      Total |     178 |       3 |   1.7 |      56 |       2 |   3.4
            +---------+---------+-------+---------+---------+-------
        D:1 |      45 |       3 |   6.2 |      22 |       2 |   8.3
        D:2 |      83 |       0 |   0.0 |      27 |       0 |   0.0
        D:3 |      50 |       0 |   0.0 |       7 |       0 |   0.0
            +---------+---------+-------+---------+---------+-------
